 Dungeon Crawl Stone Soup version 0.25-a0-528-g6b7c99946c (webtiles) character file.

Game seed: 17396356087210528322, levelgen mode: deterministic

10864 Kohma the Carver (level 11, -1/101 HPs)
             Began as a Purple Draconian Ice Elementalist on Feb 17, 2020.
             Was an Elder of Sif Muna.
             Shot with an arrow by a centaur (5 damage)
             ... on level 11 of the Dungeon on Feb 19, 2020.
             The game lasted 00:36:22 (14545 turns).

Kohma the Carver (DrIE)                            Turns: 14545, Time: 00:36:22

Health: -1/101     AC: 10    Str: 10    XL:     11   Next: 41%
Magic:  8/18       EV: 18    Int: 19    God:    Sif Muna [****..]
Gold:   934        SH:  0    Dex: 12    Spells: 8/20 levels left

rFire    . . .     SeeInvis .   s - +3 dagger (venom)
rCold    . . .     Gourm    .   (no shield)
rNeg     . . .     Faith    .   (armour unavailable)
rPois    .         Spirit   .   m - +1 hat
rElec    .         Reflect  .   H - +0 cloak
rCorr    .         Harm     .   (no gloves)
MR       +....                  (no boots)
Stlth    ++........             (no amulet)
HPRegen  0.26/turn              E - +6 ring of evasion
MPRegen  0.16/turn              p - +1 ring of protection

@: very slightly contaminated, lightly drained
A: breathe power, unfitting armour, cold-blooded, AC +7
a: Breathe Dispelling Energy, Channel Magic, Forget Spell, Divine Exegesis,
Renounce Religion


You were on level 11 of the Dungeon.
You worshipped Sif Muna.
Sif Muna was greatly pleased with you.
You were not hungry.

You visited 2 branches of the dungeon, and saw 12 of its levels.
You also visited: Ossuary.

You collected 934 gold pieces.

Inventory:

Hand Weapons
 i - a +2 short sword of speed
 q - a +0 long sword
 s - a +3 dagger of venom (weapon)
 I - a cursed +4 falchion
Missiles
 r - 51 poisoned darts (quivered)
Armour
 m - a +1 hat (worn)
 H - a +0 cloak (worn)
Magical Staves
 j - an uncursed staff of death
Jewellery
 n - an uncursed ring of positive energy
 o - an uncursed ring of resist corrosion
 p - a +1 ring of protection (right hand)
 w - an uncursed ring of flight
 E - a +6 ring of evasion (left hand)
Wands
 F - a wand of random effects (21)
 J - a wand of flame (41)
 K - a wand of acid (8)
 L - a wand of paralysis (10)
Scrolls
 a - 10 scrolls of remove curse
 e - 2 scrolls of amnesia
 h - 4 scrolls of enchant armour
 l - 7 scrolls of teleportation
 t - a scroll of fog
 y - 6 scrolls of enchant weapon
 G - 4 scrolls of identify
 N - 4 scrolls of noise {unknown}
Potions
 d - 8 potions of curing
 f - 2 potions of resistance
 g - 3 potions of lignification
 k - 3 potions of brilliance
 u - a potion of haste {unknown}
 x - a potion of stabbing {unknown}
 z - a potion of magic {unknown}
 A - a potion of flight
 B - 3 potions of might
 C - 3 potions of ambrosia
 D - a potion of invisibility
Comestibles
 b - 23 rations
 M - 9 chunks of flesh


   Skills:
 + Level 10.9(10.3) Fighting
 * Level 11.1(10.4) Long Blades
 - Level 1.7(1.2) Dodging
 + Level 3.1(2.6) Stealth
 - Level 5.0(4.5) Spellcasting
 - Level 1.0(0.5) Hexes
 - Level 3.1(2.6) Charms
 - Level 3.4(2.9) Summonings
 - Level 2.0(1.4) Translocations
 - Level 6.4(5.8) Ice Magic
 - Level 5.0(4.5) Invocations


You had 8 spell levels left.
You knew the following spells:

 Your Spells              Type           Power        Failure   Level  Hunger
a - Freeze                Ice            ####         1%          1    None
b - Frozen Ramparts       Ice            ####..       3%          3    ###....
c - Summon Ice Beast      Ice/Summ       ###.....     22%         4    ####...
d - Shroud of Golubria    Chrm/Tloc      ##....       9%          2    #......
e - Ensorcelled Hibernat  Hex/Ice        ###...       5%          2    #......

Your spell library contained the following spells:

 Spells                   Type           Power        Failure   Level  Hunger
 Infusion                 Chrm           ##..         4%          1    None
 Song of Slaying          Chrm           ##......     7%          2    #......
 Ozocubu's Armour         Chrm/Ice       ###.....     7%          3    ###....
 Spectral Weapon          Hex/Chrm       ##......     21%         3    ###....
 Hailstorm                Conj/Ice       ###.....     36%         4    ####...
 Iron Shot                Conj/Erth      #.........   100%        6    #######
 Statue Form              Tmut/Erth      #........    100%        6    #######


Dungeon Overview and Level Annotations

Branches:
Dungeon (11/15)            Temple (1/1) D:6            Lair (0/6) D:10
    Orc (0/2) D:10        Ossuary (visited)

Altars:
Ashenzari
Cheibriados
Dithmenos
Elyvilon
Fedhas
Gozag
Hepliaklqana
Kikubaaqudgha
Makhleb
Nemelex Xobeh
Okawaru
Qazlal
Ru
Sif Muna
Trog
Uskayaw
Vehumet
Wu Jian
Xom
Yredelemnul
Zin
The Shining One


Innate Abilities, Weirdness & Mutations

You can breathe bolts of dispelling energy.
Your rich purple scales are hard. (AC +7)
You cannot fit into any form of body armour.
You are cold-blooded and may be slowed by cold attacks.


Message History

You see here an arrow.
You feel much better.
The centaur shoots an arrow.
The arrow barely misses you.
The centaur shoots an arrow.
The arrow hits you.
* * * LOW HITPOINT WARNING * * *
The centaur shoots an arrow.
The arrow closely misses you.
The centaur shoots an arrow.
The arrow closely misses you.
You see here 2 arrows.
The centaur shoots an arrow.
The arrow hits you but does no damage.
The centaur shoots an arrow.
The arrow hits you.
* * * LOW HITPOINT WARNING * * *
The centaur shoots an arrow.
The arrow barely misses you.
You see here 4 arrows.
There is a stone staircase leading up here.
The centaur shoots an arrow.
The arrow hits you!
* * * LOW HITPOINT WARNING * * *
The centaur shoots an arrow.
The arrow hits you.
* * * LOW HITPOINT WARNING * * *
The centaur shoots an arrow.
The arrow hits you but does no damage.
The centaur shoots an arrow.
The arrow hits you.
You die...

.. .#....)(( ..#
.'....c.. #.# .#.......
.#########.# #.......
...........######c......
..............c.........
............(.c.........
...........(..c.........
.......@(((.............
......######.....######.
......# #.....# #.
......# #....## #. ###
#.# #....# #.
#.######....# #.
#...........# #.
#...........#######.
#...#####...........


You could see 3 centaurs.

Vanquished Creatures
  Josephine (D:10)
  A manticore (D:11)
  Joseph (D:10)
  A centaur skeleton (D:10)
  Grinder (D:4)
  A hippogriff (D:8)
  4 wraiths (D:10)
  A wyvern (D:8)
  10 yaks
  Grum (D:10)
  Menkaure (D:7)
  2 hungry ghosts (D:7)
  4 wargs (D:10)
  Duvessa (D:7)
  3 porcupines (D:10)
  5 orc warriors
  5 black bears
  2 sky beasts
  3 wolves
  2 ogres
  9 centaurs
  3 crocodiles
  2 big kobolds
  3 bullfrogs
  Dowan (D:7)
  6 wights
  7 howler monkeys
  2 crimson imps
  2 centaur zombies
  2 bullfrog zombies
  A jelly (D:6)
  4 orc priests
  6 hounds
  6 orc wizards
  Crazy Yiuf (D:7)
  A bullfrog skeleton (D:9)
  2 iguanas
  10 worker ants
  A big kobold zombie (Ossuary)
  A hound zombie (D:9)
  4 mummies (Ossuary)
  4 gnolls (D:6)
  A howler monkey zombie (D:9)
  12 adders
  3 shadow imps
  An adder zombie (D:5)
  2 oozes
  An adder skeleton (D:4)
  A worm (D:2)
  8 leopard geckos
  25 orcs
  3 giant cockroaches
  A gnoll zombie (Ossuary)
  10 goblins
  3 hobgoblins
  11 jackals
  3 quokkas
  7 bats
  4 frilled lizards
  A hobgoblin zombie (Ossuary)
  9 kobolds
  2 kobold zombies (Ossuary)
  2 orc zombies (Ossuary)
  6 rats
244 creatures vanquished.

Vanquished Creatures (collateral kills)
  A yak (D:10)
  A wraith (D:10)
  An ice beast (D:8)
  A wolf (D:9)
  2 wights (D:10)
  4 mummies (Ossuary)
  A hobgoblin zombie (Ossuary)
11 creatures vanquished.

Vanquished Creatures (others)
  2 orc wizards (D:10)
  A fungus (D:10)
3 creatures vanquished.

Grand Total: 258 creatures vanquished

Notes
Turn   | Place    | Note
-------+----------+-------------------------------------------
     0 | D:1      | Kohma the Draconian Ice Elementalist began the quest for
                  | the Orb.
     0 | D:1      | Reached XP level 1. HP: 14/14 MP: 3/3
   330 | D:1      | Reached XP level 2. HP: 22/22 MP: 3/5
  1017 | D:2      | Found a shimmering blue altar of Sif Muna.
  1036 | D:2      | Reached skill level 1 in Fighting
  1064 | D:2      | Became a worshipper of Sif Muna the Loreminder
  1391 | D:2      | Reached XP level 3. HP: 24/28 MP: 1/6
  1573 | D:2      | Learned a level 3 spell: Frozen Ramparts
  2072 | D:3      | Reached * piety under Sif Muna
  2182 | D:3      | Reached XP level 4. HP: 36/36 MP: 7/7
  2295 | D:3      | Reached skill level 5 in Ice Magic
  2958 | D:4      | Found a shadowy altar of Dithmenos.
  2963 | D:4      | Reached XP level 5. HP: 41/41 MP: 5/9
  3043 | D:4      | Reached skill level 1 in Long Blades
  3397 | D:5      | Entered Level 5 of the Dungeon
  3595 | D:5      | Noticed Grinder
  3600 | D:5      | Paralysed by Grinder for 5 turns
  3800 | D:5      | Reached XP level 6. HP: 46/50 MP: 6/10
  3807 | D:5      | Paralysed by Grinder for 4 turns
  3829 | D:4      | HP: 2/50 [Grinder/nerve-wracking pain (13)]
  3838 | D:4      | Killed Grinder
  3838 | D:4      | Reached skill level 2 in Long Blades
  4040 | D:5      | Your scales start taking on a rich purple colour.
  4040 | D:5      | Reached XP level 7. HP: 45/58 MP: 4/12
  4052 | D:5      | Found an ancient bone altar of Kikubaaqudgha.
  4057 | D:5      | Reached skill level 3 in Long Blades
  4338 | D:5      | Reached ** piety under Sif Muna
  4355 | D:5      | Found a snail-covered altar of Cheibriados.
  4685 | D:6      | You fall into a shaft and drop 3 floors!
  4705 | D:9      | Reached skill level 5 in Fighting
  4705 | D:9      | Reached skill level 4 in Long Blades
  4902 | D:9      | Learned a level 4 spell: Summon Ice Beast
  4906 | D:9      | Noticed a yak
  4914 | D:9      | Noticed a yak
  4917 | D:9      | Noticed a yak
  4924 | D:9      | Killed a yak
  4924 | D:9      | Reached skill level 1 in Summonings
  4924 | D:9      | Reached skill level 1 in Invocations
  4931 | D:9      | Killed a yak
  4931 | D:9      | Reached XP level 8. HP: 18/69 MP: 5/13
  5188 | D:8      | Noticed a hippogriff
  5194 | D:8      | Killed a hippogriff
  5405 | D:8      | Reached skill level 5 in Long Blades
  5615 | D:8      | Found a shattered altar of Ashenzari.
  5631 | D:8      | Found a sand-covered staircase.
  5637 | Ossuary  | Entered an ossuary
  5708 | Ossuary  | HP: 3/71 [mummy (12)]
  6481 | D:8      | Reached XP level 9. HP: 63/78 MP: 10/14
  6645 | D:8      | Reached *** piety under Sif Muna
  6645 | D:8      | Reached skill level 6 in Long Blades
  6990 | D:8      | Reached skill level 5 in Invocations
  7315 | D:7      | Noticed Dowan
  7316 | D:7      | Noticed Duvessa
  7319 | D:7      | Noticed Menkaure
  7335 | D:7      | Killed Dowan
  7338 | D:7      | Killed Duvessa
  7522 | D:7      | Reached skill level 7 in Long Blades
  7803 | D:7      | Found a stormy altar of Qazlal.
  7957 | D:7      | Killed Menkaure
  8056 | D:7      | Reached skill level 8 in Long Blades
  8149 | D:7      | Found a runed translucent door.
  8150 | D:7      | Noticed Crazy Yiuf
  8468 | D:7      | Killed Crazy Yiuf
  8468 | D:7      | Reached XP level 10. HP: 86/91 MP: 11/15
  8569 | D:6      | Found a hazy altar of Hepliaklqana.
  9472 | D:6      | Found a staircase to the Ecumenical Temple.
  9495 | Temple   | Entered the Ecumenical Temple
  9800 | D:9      | Found a snail-covered altar of Cheibriados.
  9867 | D:9      | Learned a level 2 spell: Shroud of Golubria
  9924 | D:9      | Reached **** piety under Sif Muna
  9957 | D:9      | Identified Dutreteq's Reference Book on Stones and Ice
  9962 | D:9      | Learned a level 2 spell: Ensorcelled Hibernation
 10118 | D:9      | Found a sacrificial altar of Ru.
 10340 | D:9      | Found a blossoming altar of Fedhas.
 10392 | D:10     | Entered Level 10 of the Dungeon
 10401 | D:10     | Reached skill level 1 in Hexes
 10408 | D:10     | Reached skill level 1 in Charms
 10408 | D:10     | Reached skill level 1 in Translocations
 10409 | D:10     | Noticed Grum
 10416 | D:10     | Found a staircase to the Lair.
 10778 | D:9      | Reached skill level 9 in Long Blades
 11499 | D:10     | Reached skill level 10 in Fighting
 11751 | D:10     | Noticed Joseph
 11774 | D:10     | Killed Joseph
 11774 | D:10     | Reached skill level 5 in Spellcasting
 11805 | D:10     | Noticed Josephine
 12001 | D:10     | Upgraded the game from 0.25-a0-516-g7d600cd9ad to
                  | 0.25-a0-528-g6b7c99946c
 12031 | D:10     | Killed Grum
 12173 | D:10     | Reached skill level 10 in Long Blades
 12350 | D:10     | Killed Josephine
 12350 | D:10     | Reached XP level 11. HP: 23/101 MP: 10/18
 12477 | D:10     | HP: 2/101 [wraith[Josephine] (7)]
 13169 | D:10     | Found a staircase to the Orcish Mines.
 14504 | D:11     | Reached skill level 11 in Long Blades
 14545 | D:11     | HP: 4/101 [centaur/arrow (6)]
 14545 | D:11     | Shot with an arrow by a centaur

Levels and vault maps discovered:
D:1:      lemuel_arrival_cross, layout_loops_corners
D:2:      layout_loops_corners, led_sif_pool
D:3:      layout_rooms
D:4:      layout_loops_ring, nicolae_dithmenos_shadow_blocks, first_ration
D:5:      layout_rooms, kiku_gazebo_garden_becter, basic_altar, minivault_25,
          uniq_grinder
D:6:      layout_layer_cave, kennysheep_mini, lemuel_temple_firewalk_b,
          minivault_24, hex_large, grunt_decor_cap
D:7:      layout_loops_cross, nicolae_qazlal_eye_of_the_storm, uniq_duvessa,
          uniq_menkaure, uniq_crazy_yiuf_cottage
D:8:      layout_loops_ring, lightli_ossuary_entry_decrepit_ruins, basic_altar
D:9:      layout_roguey, nicolae_overflow_hidden_temple, marbit_many_paths,
          cheibriados_altar_1
D:10:     layout_stronghold, minmay_lair_entry_grove, orc_0_dummy,
          blue_anna_alchemist [blue_anna_fruit_fields, blue_anna_fruit_fields],
          nooodl_orcs_dogs, uniq_josephine, uniq_grum, uniq_joseph
D:11:     lemuel_flame_loot_2, layout_irregular_city
Temple:   minmay_crystal_spiral_temple

Skill      XL: |  1  2  3  4  5  6  7  8  9 10 11 |
---------------+----------------------------------+-----
Fighting       | 1 2 3 5 6 9 10 | 10.9
Ice Magic      | 5 6 |  6.4
Long Blades    | 1 2 4 5 8 10 11 | 11.1
Spellcasting   | 3 5 |  5.0
Summonings     | 2 3 |  3.4
Invocations    | 1 4 5 |  5.0
Hexes          | 1 |  1.0
Charms         | 3 |  3.1
Translocations | 2 |  2.0
Stealth        | 3 |  3.1
Dodging        | |  1.7

Action                   |  1- 3 |  4- 6 |  7- 9 | 10-12 || total
-------------------------+-------+-------+-------+-------++-------
Melee: Whip              |     8 |       |       |       ||     8
       Dagger            |    45 |    59 |   259 |   455 ||   818
       Club              |     6 |       |       |       ||     6
       Tailslap          |     3 |     5 |    32 |    63 ||   103
       Long sword        |     2 |    11 |       |       ||    13
Throw: Dart              |       |    11 |       |       ||    11
 Cast: Freeze            |    43 |     8 |     4 |     3 ||    58
       Frozen Ramparts   |     4 |    16 |    45 |    46 ||   111
       Summon Ice Beast  |       |       |     8 |     7 ||    15
       Shroud of Golubri |       |       |       |     6 ||     6
       Ensorcelled Hiber |       |       |       |    27 ||    27
Invok: Channel Magic     |       |       |     1 |       ||     1
Evoke: Wand              |       |       |       |     6 ||     6
  Use: Potion            |       |     1 |     1 |     5 ||     7
       Scroll            |       |       |    17 |     7 ||    24
 Stab: Sleeping          |       |     2 |     2 |    12 ||    16
       Paralysed         |       |       |       |     1 ||     1
  Eat: Chunk             |     5 |     3 |    21 |    17 ||    46
       Ration            |       |     1 |     1 |     3 ||     5
Armor: Skin              |    37 |    25 |    66 |   111 ||   239
Dodge: Dodged            |    66 |    54 |   147 |   454 ||   721
       Rpst.: Long sword |       |     6 |       |       ||     6

Table legend:
 A = Non-vault XP
 B = Vault XP
 C = Vault XP percentage of total XP
 D = Non-vault monster count
 E = Vault monster count
 F = Vault count percentage of total count
                 A         B        C        D         E       F
            +---------+---------+-------+---------+---------+-------
      Total |    8369 |    7151 |  46.1 |     198 |      59 |  23.0
            +---------+---------+-------+---------+---------+-------
        D:1 |      25 |       0 |   0.0 |      16 |       0 |   0.0
        D:2 |      49 |       0 |   0.0 |      21 |       0 |   0.0
        D:3 |      62 |       0 |   0.0 |      19 |       0 |   0.0
        D:4 |     117 |     281 |  70.6 |       9 |       1 |  10.0
        D:5 |     363 |       0 |   0.0 |      18 |       0 |   0.0
        D:6 |     636 |       0 |   0.0 |      16 |       0 |   0.0
        D:7 |    1387 |     423 |  23.4 |      27 |       4 |  12.9
        D:8 |    1783 |       0 |   0.0 |      31 |       0 |   0.0
        D:9 |    1302 |    1311 |  50.2 |      17 |       9 |  34.6
       D:10 |     524 |    4989 |  90.5 |       8 |      29 |  78.4
       D:11 |    2121 |       0 |   0.0 |      16 |       0 |   0.0
    Ossuary |       0 |     147 | 100.0 |       0 |      16 | 100.0
            +---------+---------+-------+---------+---------+-------
